 Dungeon Crawl Stone Soup version 0.25.1-8-g42b30a86e7 (webtiles) character file.

Game seed: 4635748651131066356

34132 jlumianski the Blocker (level 14, -1/109 HPs)
             Began as a Formicid Fighter on Dec 5, 2020.
             Was the Champion of Okawaru.
             Killed from afar by an ogre mage (49 damage)
             ... with a crystal spear
             ... on level 15 of the Dungeon on Dec 9, 2020.
             The game lasted 01:32:23 (19878 turns).

jlumianski the Blocker (Formicid Fighter)          Turns: 19878, Time: 01:32:24

Health: -1/109     AC: 21    Str: 27    XL:     14   Next: 11%
Magic:  20/20      EV:  9    Int: 13    God:    Okawaru [******]
Gold:   2294       SH: 10    Dex: 16    Spells: 13/13 levels left

rFire    + . .     SeeInvis +   u - +10 short sword of the Destroying Whale {protect, rF+}
rCold    x . .     Gourm    .   E - +3 buckler {rPois}
rNeg     . . .     Faith    .   T - +0 plate armour
rPois    +         Spirit   .   (helmet unavailable)
rElec    .         Reflect  .   U - scarf {repulsion}
rCorr    .         Harm     .   n - +2 pair of gloves
MR       ++...                  X - +2 pair of boots
Stlth    ..........             (no amulet)
HPRegen  0.28/turn              q - ring of protection from magic
MPRegen  0.17/turn              c - ring "Guliwav" {+Fly rC- Int+6 Dex+6 Slay+2}

@: repel missiles
A: permanent stasis, dig shafts and tunnels, four strong arms, antennae 3
a: Dig, Shaft Self, Heroism, Finesse, Renounce Religion, Evoke Flight


You were on level 15 of the Dungeon.
You worshipped Okawaru.
Okawaru was exalted by your worship.
You were very hungry.

You visited 2 branches of the dungeon, and saw 16 of its levels.
You also visited: Bailey.

You collected 2456 gold pieces.
You spent 162 gold pieces at shops.

Inventory:

Hand Weapons
 b - a +6 demon trident of electrocution
 u - the +10 short sword of the Destroying Whale (weapon) {protect, rF+}
   (You found it on level 4 of the Dungeon)

   It grants its wielder temporary protection when it strikes (+7 to AC).
   It protects you from fire.
 F - a +1 short sword of venom
Missiles
 g - 10 javelins
 j - 70 poisoned darts
 p - 8 curare-tipped darts
 C - 5 boomerangs of dispersal
 N - 45 boomerangs (quivered)
 R - 14 silver boomerangs
 Y - 6 atropa-tipped darts
Armour
 n - a +2 pair of gloves (worn)
 E - a +3 buckler of poison resistance (worn)
 O - +0 acid dragon scales
 T - a +0 plate armour (worn)
 U - a scarf of repulsion (worn)
 X - a +2 pair of boots (worn)
 Z - the +2 ring mail of Xalosiag {rC+ Dex+3, unknown}
   (Okawaru gifted it to you on level 14 of the Dungeon)

   It affects your dexterity (+3).
   It protects you from cold.
Jewellery
 c - the ring "Guliwav" (right hand) {+Fly rC- Int+6 Dex+6 Slay+2}
   (You acquired it on level 11 of the Dungeon)

   [ring of dexterity]

   It affects your intelligence (+6).
   It affects your dexterity (+6).
   It affects your accuracy and damage with ranged weapons and melee attacks
   (+2).
   It makes you vulnerable to cold.
   It lets you fly.
 i - an uncursed amulet of magic regeneration
 q - a ring of protection from magic (left hand)
 t - a cursed -4 ring of strength
 S - an uncursed ring of ice
Wands
 a - a wand of clouds (3)
 r - a wand of flame (33)
 y - a wand of paralysis (4)
 G - a wand of disintegration (16)
 H - a wand of polymorph (13)
Scrolls
 h - 4 scrolls of teleportation
 m - 5 scrolls of remove curse
 A - a scroll of fear
 I - a scroll of fog
 J - 7 scrolls of identify
 K - a scroll of enchant weapon
 M - 2 scrolls of amnesia
Potions
 d - 4 potions of might
 k - 5 potions of curing
 l - a potion of brilliance {unknown}
 o - a potion of invisibility {unknown}
 s - 4 potions of heal wounds
 v - a potion of resistance
 z - 2 potions of ambrosia
 B - a potion of degeneration {unknown}
 D - 4 potions of flight
 L - a potion of magic {unknown}
 P - a potion of mutation {unknown}
 Q - a potion of stabbing {unknown}
Miscellaneous
 e - a phantom mirror
 V - a box of beasts
 W - a phial of floods
Comestibles
 f - 25 rations
 w - 19 chunks of flesh


   Skills:
 + Level 9.7 Fighting
 + Level 11.8 Short Blades
   Level 8.0 Axes
 + Level 2.8 Throwing
 + Level 10.7 Armour
 + Level 3.0 Dodging
 + Level 1.4 Stealth
 + Level 12.5 Shields
 * Level 9.1 Invocations
 + Level 0.5 Evocations


You had 13 spell levels left.
You didn't know any spells.
Your spell library contained the following spells:

 Spells                   Type           Power        Failure   Level  Hunger
 Animate Skeleton         Necr           N/A          95%         1    ##.....
 Apportation              Tloc           #.....       95%         1    ##.....
 Corona                   Hex            #......      95%         1    ##.....
 Foxfire                  Conj/Fire      #...         95%         1    ##.....
 Infusion                 Chrm           #...         95%         1    ##.....
 Summon Small Mammal      Summ           #...         95%         1    ##.....
 Ensorcelled Hibernation  Hex/Ice        #.....       98%         2    ###....
 Shroud of Golubria       Chrm/Tloc      #.....       98%         2    ###....
 Song of Slaying          Chrm           #.......     98%         2    ###....
 Confusing Touch          Hex            #.......     100%        3    ####...
 Conjure Flame            Conj/Fire      #.......     100%        3    ####...
 Dazzling Flash           Conj/Hex       #.....       100%        3    ####...
 Gell's Gravitas          Tloc           #.........   100%        3    ####...
 Inner Flame              Hex/Fire       #.......     100%        3    ####...
 Lesser Beckoning         Tloc           #.........   100%        3    ####...
 Ozocubu's Armour         Chrm/Ice       #.......     100%        3    ####...
 Spectral Weapon          Hex/Chrm       #.......     100%        3    ####...
 Teleport Other           Tloc           #.......     100%        3    ####...
 Tukima's Dance           Hex            #.......     100%        3    ####...
 Passage of Golubria      Tloc           N/A          100%        4    #####..
 Petrify                  Tmut/Erth      #.......     100%        4    #####..
 Sticky Flame             Conj/Fire      #.......     100%        4    #####..
 Fireball                 Conj/Fire      #.........   100%        5    ######.
 Metabolic Englaciation   Hex/Ice        #.........   100%        5    ######.
 Yara's Violent Unravell  Hex/Tmut       #.........   100%        5    ######.
 Blink                    Tloc           Unusable     N/A         2    N/A

Dungeon Overview and Level Annotations

Branches:
Dungeon (14/15)            Temple (1/1) D:7            Lair (0/6) D:11
    Orc (0/2) D:9          Vaults (0/5) D:14         Depths (0/5) D:15
 Bailey (visited)

Altars:
Ashenzari
Cheibriados
Dithmenos
Elyvilon
Fedhas
Gozag
Hepliaklqana
Kikubaaqudgha
Makhleb
Nemelex Xobeh
Okawaru
Qazlal
Ru
Sif Muna
Trog
Uskayaw
Vehumet
Wu Jian
Xom
Yredelemnul
Zin
The Shining One
Beogh

Shops:
D:4 }   D:5 [   D:7 *

Portals:
Trove: D:12 (give +3 fire dragon scales)


Innate Abilities, Weirdness & Mutations

You cannot be hasted, slowed, berserked, paralysed or teleported.
You can dig through walls and to a lower floor.
Your four strong arms can wield two-handed weapons with a shield.
You have a pair of large antennae on your head. (SInv)


Message History

You see here 2 arrows.
You see here 2 arrows.
You extend your mandibles.
You dig through the rock wall.
Some of the chunks of flesh in your inventory have rotted away.
You retract your mandibles.
You extend your mandibles.
You dig through the rock wall.
You dig through the rock wall.
You retract your mandibles.
You extend your mandibles.
You dig through the rock wall.
You are feeling very hungry.
An ogre mage comes into view. It is wielding a +0 halberd.
Found 5 gold pieces.
You retract your mandibles.
A two-headed ogre comes into view.
It is wielding two +0 giant spiked clubs.
The ogre mage casts a spell at you. The crystal spear hits you!!!
You die...

,,,,,,,,,,,,,,,,,,,,,,,,,,,,,,* *
,,,,,,,,,,,,,,....O....,,,,,,,***
,,,,,,,,,,,,,,........,,,,,,,,,,,
**************#......,,,,********
*,,,,,,,,,,,,,#.....#**,,* *
*,,,,,,,,,,,,,#...O.# *,,* *
*,,,,,,,,,,,,,#.....###.,* *
*,,,,,,,,,,,,,#.........,* *
+,,,,,,,,,,{,,#.@...$...,********
*,,,,,,,,,,,,,##.######.,,,,,,,,,
***************#......+,,,,,,,,,,
,,,,,,,#########......#,,,,,,,,,,
,,**,,,#..............#,,,,,,,,,,
,,**,,,#......##......#,,,,,,,,,,
,,**,,,#......##......#,,,,,,,,,,
,,**,,,#......##......#{,,,,,,,,,
,,,,,,,#...##.#######.#,,,,,,,,^,


You could see a two-headed ogre (wandering) and an ogre mage.

Vanquished Creatures
  A yaktaur captain (D:12)
  Erica (D:8)
  2 hydras
  A centaur warrior (D:13)
  A tengu warrior (D:12)
  3 two-headed ogres
  Urug (D:10)
  The ghost of tsbored the Destroyer, a novice HuCj of Vehumet (D:10)
  Nergalle (D:10)
  A deep troll (D:14)
  2 unseen horrors
  Pikel (D:4)
  An orc knight (Bailey)
  A necromancer (D:14)
  A deep elf mage (D:12)
  2 manticores (D:12)
  3 ugly things
  3 cyclopes (D:13)
  2 centaur zombies
  Psyche (D:9)
  2 gargoyles
  Maggie (D:9)
  A freezing wraith (D:12)
  A kobold demonologist (D:13)
  A troll (D:12)
  2 trolls (shapeshifter) (D:14)
  A polar bear (D:12)
  2 hornets (D:8)
  A wolf spider simulacrum (D:13)
  Grinder (D:4)
  8 slime creatures
  4 hippogriffs
  A raiju (shapeshifter) (D:14)
  A vampire (D:12)
  Sigmund (D:6)
  A wyvern (D:13)
  A wraith (D:7)
  A basilisk (D:13)
  14 yaks
  A hungry ghost (D:10)
  An acid dragon (D:13)
  2 soldier ants (D:8)
  2 water moccasins
  Duvessa (D:4)
  4 phantoms
  12 ice beasts
  6 black bears
  11 orc warriors
  5 sky beasts
  A slave (D:4)
  A wolf (D:13)
  An eye of draining (D:11)
  4 necrophages
  6 ogres
  10 centaurs
  A crocodile (D:11)
  9 bullfrogs
  4 big kobolds
  Dowan (D:4)
  3 scorpions
  9 killer bees
  6 wights
  An electric eel (D:13)
  3 howler monkeys (D:8)
  3 lava snakes (D:13)
  7 crimson imps
  3 bullfrog zombies
  7 hounds
  3 human zombies (D:7)
  5 jellies
  12 orc priests
  2 centaur skeletons
  5 bullfrog skeletons
  10 orc wizards
  3 iguanas
  3 human skeletons (D:7)
  Natasha (D:2)
  11 worker ants
  4 bullfrog simulacra (D:13)
  3 hound skeletons
  2 mummies (D:7)
  2 howler monkey zombies (D:5)
  11 adders
  5 shadow imps
  17 white imps
  An ooze (D:7)
  2 adder skeletons
  3 worms
  2 dart slugs
  6 leopard geckos
  53 orcs
  5 bats
  7 giant cockroaches
  11 goblins
  6 hobgoblins
  5 jackals (D:1)
  2 quokkas
  A ball python (D:1)
  4 frilled lizards
  32 kobolds
  12 rats
451 creatures vanquished.

Vanquished Creatures (others)
  A phantom (D:4)
  A leopard gecko (D:4)
  A giant cockroach (D:4)
  7 plants
10 creatures vanquished.

Grand Total: 461 creatures vanquished

Notes
Turn   | Place    | Note
-------+----------+-------------------------------------------
     0 | D:1      | jlumianski the Formicid Fighter began the quest for the
                  | Orb.
     0 | D:1      | Reached XP level 1. HP: 18/18 MP: 1/1
    63 | D:1      | Reached XP level 2. HP: 24/24 MP: 2/2
   323 | D:1      | Reached skill level 4 in Shields
   403 | D:1      | Reached XP level 3. HP: 27/29 MP: 3/3
  1539 | D:2      | Reached XP level 4. HP: 32/37 MP: 4/4
  2633 | D:3      | Reached XP level 5. HP: 37/42 MP: 5/5
  2650 | D:3      | Noticed an ice beast
  2666 | D:3      | Killed an ice beast
  2666 | D:3      | Reached XP level 6. HP: 17/48 MP: 6/6
  3271 | D:3      | Noticed Natasha
  3296 | D:2      | Killed Natasha
  3457 | D:4      | Noticed an ice beast
  3457 | D:4      | Noticed an ice beast
  3457 | D:4      | Noticed a phantom
  3458 | D:4      | Found a transporter.
  3458 | D:4      | Noticed an ice beast
  3674 | D:4      | Noticed a slave
  3674 | D:4      | Noticed a slave
  3677 | D:4      | Noticed Pikel
  3678 | D:4      | Noticed a slave
  3680 | D:4      | Noticed a slave
  3683 | D:4      | Killed a slave
  3694 | D:4      | Killed Pikel
  3694 | D:4      | Reached skill level 5 in Axes
  3694 | D:4      | Reached skill level 1 in Throwing
  3694 | D:4      | Reached skill level 5 in Armour
  3694 | D:4      | Reached skill level 1 in Dodging
  3694 | D:4      | Reached skill level 5 in Shields
  3694 | D:4      | Reached XP level 7. HP: 52/55 MP: 7/7
  3694 | D:4      | Reached XP level 8. HP: 58/61 MP: 8/8
  3760 | D:4      | Noticed Grinder
  3761 | D:4      | Found Qazos's Gadget Shop.
  3779 | D:4      | Killed Grinder
  3779 | D:4      | Reached skill level 1 in Stealth
  3779 | D:4      | Reached skill level 6 in Shields
  4028 | D:4      | Noticed Dowan
  4028 | D:4      | Noticed Duvessa
  4098 | D:4      | Killed Duvessa
  4098 | D:4      | Reached skill level 5 in Fighting
  4440 | D:4      | Found a transporter.
  4464 | D:4      | Got a steaming short sword
  4570 | D:4      | Killed Dowan
  4842 | D:4      | Reached XP level 9. HP: 41/68 MP: 9/9
  5014 | D:5      | Entered Level 5 of the Dungeon
  5033 | D:5      | Reached skill level 7 in Shields
  5051 | D:5      | Identified the +10 short sword of the Destroying Whale
                  | {protect, rF+} (You found it on level 4 of the Dungeon)
  5092 | D:5      | Found Qiurisil's Armour Shoppe.
  5096 | D:5      | Bought a +1 buckler of poison resistance for 162 gold
                  | pieces
  5571 | D:4      | Reached skill level 1 in Short Blades
  6066 | D:6      | Noticed Sigmund
  6076 | D:6      | Killed Sigmund
  6832 | D:7      | Found a staircase to the Ecumenical Temple.
  6842 | D:7      | Reached XP level 10. HP: 76/76 MP: 10/10
  6910 | D:7      | Found a flagged portal.
  6917 | Bailey   | Entered a bailey
  6926 | Bailey   | Noticed an orc knight
  7272 | Bailey   | Killed an orc knight
  7272 | Bailey   | Reached skill level 5 in Short Blades
  7272 | Bailey   | Reached skill level 8 in Shields
  7871 | Temple   | Entered the Ecumenical Temple
  7936 | Temple   | Became a worshipper of Warmaster Okawaru
  8202 | D:7      | Reached skill level 9 in Shields
  8618 | D:7      | Reached * piety under Okawaru
  8703 | D:7      | Reached XP level 11. HP: 76/81 MP: 11/11
  8706 | D:7      | Found an ancient bone altar of Kikubaaqudgha.
  8794 | D:7      | Found Hokkup's Assorted Antiques.
  9239 | D:8      | Reached ** piety under Okawaru
 10008 | D:8      | Reached skill level 1 in Invocations
 10449 | D:8      | Noticed Erica
 10464 | D:8      | Killed Erica
 10899 | D:9      | Found a staircase to the Orcish Mines.
 10899 | D:9      | Noticed Psyche
 10924 | D:9      | Reached *** piety under Okawaru
 10934 | D:9      | Killed Psyche
 10934 | D:9      | Received a gift from Okawaru
 11104 | D:9      | Found a roughly hewn altar of Beogh.
 11449 | D:9      | Noticed Maggie
 11466 | D:9      | Killed Maggie
 11617 | D:9      | Found a stormy altar of Qazlal.
 11737 | D:9      | Found an opulent altar of Gozag.
 11900 | D:9      | Reached skill level 10 in Shields
 11966 | D:10     | Entered Level 10 of the Dungeon
 11991 | D:10     | You fall into a shaft and drop 3 floors!
 12030 | D:12     | Noticed a manticore
 12189 | D:11     | Noticed a white ugly thing
 12204 | D:11     | Killed a white ugly thing
 12330 | D:10     | Reached **** piety under Okawaru
 12331 | D:10     | Noticed an unseen horror
 12343 | D:10     | Killed an unseen horror
 12343 | D:10     | Reached XP level 12. HP: 74/91 MP: 14/14
 12561 | D:10     | Noticed Nergalle
 12581 | D:10     | Killed Nergalle
 12590 | D:10     | Noticed a two-headed ogre
 12602 | D:10     | Killed a two-headed ogre
 12676 | D:10     | Noticed tsbored's ghost (novice HuCj)
 12681 | D:10     | Found a runed translucent door.
 12757 | D:10     | Killed tsbored's ghost
 12757 | D:10     | Reached skill level 5 in Invocations
 13020 | D:10     | Noticed Urug
 13040 | D:10     | Killed Urug
 13040 | D:10     | Reached skill level 10 in Short Blades
 13700 | D:11     | Found a staircase to the Lair.
 13725 | D:11     | Identified a scroll of acquirement
 13725 | D:11     | Acquired the ring "Guliwav" {+Fly rC- Int+6 Dex+6 Slay+2}
 14215 | D:11     | Reached ***** piety under Okawaru
 15073 | D:12     | Noticed a two-headed ogre
 15082 | D:12     | Killed a two-headed ogre
 15272 | D:12     | Found a portal to a secret trove of treasure.
 15328 | D:12     | Reached XP level 13. HP: 83/99 MP: 15/17
 15333 | D:12     | Received a gift from Okawaru
 15337 | D:12     | Acquired 1170 gold pieces
 15468 | D:12     | Reached skill level 11 in Shields
 16597 | D:13     | Reached skill level 10 in Armour
 16847 | D:13     | Found a runed translucent door.
 16853 | D:13     | Noticed a yaktaur captain
 16854 | D:13     | Noticed a seven-headed hydra
 17138 | D:13     | Noticed a centaur warrior
 17163 | D:13     | Killed a centaur warrior
 18723 | D:12     | Reached skill level 12 in Shields
 18972 | D:12     | Killed a yaktaur captain
 19036 | D:12     | Killed a seven-headed hydra
 19375 | D:13     | Reached ****** piety under Okawaru
 19375 | D:13     | Received a gift from Okawaru
 19671 | D:14     | Reached XP level 14. HP: 91/108 MP: 20/20
 19687 | D:14     | Received a gift from Okawaru
 19709 | D:14     | Got a translucent ring mail {god gift}
 19747 | D:14     | Found a gate to the Vaults.
 19788 | D:14     | You fall into a shaft and drop 1 floor!
 19788 | D:15     | Entered Level 15 of the Dungeon
 19878 | D:15     | Killed from afar by an ogre mage

Illustrated notes

Levels and vault maps discovered:
D:1:      dpeg_arrival_oval, layout_loops_ring, serial_bayou,
          serial_bayou_shore_b, serial_bayou_shore_a, serial_bayou_shore_b,
          serial_bayou_pond_a, bh_walls_and_bars
D:2:      layout_loops_corners, first_ration, chequers_jeans
D:3:      layout_loops_ring, serial_glass, glass_columns_a, glass_columns_b,
          uniq_natasha
D:4:      gammafunk_cloud_chamber, layout_basic, serial_shops, shop,
          kennysheep_generic_room_15, uniq_grinder, uniq_duvessa, uniq_pikel
D:5:      layout_basic, serial_shops, shop, dk_noncrumbling_4,
          minmay_misc_feat_secret_circle
D:6:      layout_basic, uniq_sigmund
D:7:      layout_basic, minmay_temple_entry_gardened_gates, enter_bailey_2,
          serial_shops, nicolae_shop_overgrown_old_shop,
          lemuel_mausoleum_altar_kikubaaqudgha
D:8:      layout_basic, hangedman_pestilent_swarm, uniq_erica
D:9:      layout_roguey, nicolae_overflow_crystal_walls,
          minmay_orc_entry_temple_small, basic_altar, minmay_fountain_box,
          uniq_psyche, uniq_maggie
D:10:     layout_irregular_city, hellmonk_ghost_happy_afterlife, uniq_urug,
          uniq_nergalle
D:11:     layout_basic, lair_entry_dummy
D:12:     layout_loops_cross, enter_trove_6, portal_ice_cave_entry_imps
D:13:     layout_loops_ring, serial_ice, serial_ice_b, serial_ice_c,
          serial_ice_d, serial_ice_n, serial_ice_k, serial_ice_f, serial_ice_m,
          minmay_st_funbox, kennysheep_cluttered_room, minmay_unpleasant_kobolds
D:14:     layout_long_grid, david_vaults_4, gauntlet_entry_generic,
          minivault_19, tso_metal_star
D:15:     grunt_enter_depths_magical_seal, layout_stronghold, basic_altar,
          uniq_rupert, uniq_roxanne, uniq_nessos, uniq_azrael
Temple:   dpeg_three_leaves_temple

Skill      XL: |  1  2  3  4  5  6  7  8  9 10 11 12 13 14 |
---------------+-------------------------------------------+-----
Shields        | 4 5 6 7 9 10 12 | 12.5
Axes           | 3 4 5 7 8 |  8.0
Armour         | 4 5 6 7 8 9 10 | 10.7
Fighting       | 4 5 6 7 8 9 |  9.7
Throwing       | 1 2 |  2.8
Dodging        | 1 2 3 |  3.0
Stealth        | 1 |  1.4
Short Blades   | 3 6 9 10 11 | 11.8
Invocations    | 3 6 8 9 |  9.1
Evocations     | |  0.5

Action                   |  1- 3 |  4- 6 |  7- 9 | 10-12 | 13-15 || total
-------------------------+-------+-------+-------+-------+-------++-------
Melee: War axe           |   123 |   112 |    89 |       |       ||   324
       Short sword       |       |       |   124 |   914 |   616 ||  1654
Throw: Stone             |     7 |    17 |     6 |       |       ||    30
       Dart              |       |       |       |     3 |       ||     3
       Boomerang         |       |       |       |    11 |     8 ||    19
Invok: Heroism           |       |       |       |     3 |     1 ||     4
 Abil: Dig               |       |       |     1 |    12 |     8 ||    21
Evoke: Wand              |       |       |       |     3 |     1 ||     4
  Use: Potion            |     1 |       |     1 |     4 |       ||     6
       Scroll            |       |     4 |     4 |    12 |     5 ||    25
  Eat: Chunk             |     2 |     7 |     6 |    27 |    11 ||    53
       Ration            |       |       |     1 |     1 |     1 ||     3
Armor: Scale mail        |     4 |       |       |       |       ||     4
       Chain mail        |    62 |    50 |    98 |    57 |       ||   267
       Plate armour      |       |       |       |   401 |   250 ||   651
Dodge: Dodged            |    29 |    31 |    68 |   318 |   185 ||   631
       Repelled          |       |       |       |     8 |    22 ||    30
Block: Kite shield       |    67 |    70 |    46 |       |       ||   183
       Buckler           |       |       |    29 |   295 |   242 ||   566
